 Dungeon Crawl Stone Soup version 0.19-a0-1888-g6ba2374 (webtiles) character file.

555 Naow the Chopper (level 7, -1/53 HPs)
             Began as a Formicid Fighter on Oct 17, 2016.
             Splashed by a jelly's acid (8 damage)
             ... on level 5 of the Dungeon.
             The game lasted 00:06:05 (4411 turns).

Naow the Chopper (Formicid Fighter)                 Turns: 4411, Time: 00:06:07

Health: -1/53      AC: -3    Str: 22    XL:     7   Next: 55%
Magic:  7/7        EV:  8    Int:  8    God:
Gold:   163        SH:  9    Dex: 10    Spells: 0 memorised, 6 levels left

rFire  . . .     SeeInvis +     a - +0 war axe
rCold  . . .     Gourm    .     b - +0 scale mail
rNeg   . . .     Faith    .     c - +0 shield
rPois  .         Spirit   .     (helmet unavailable)
rElec  .         Dismiss  .     (no cloak)
rCorr  .         Reflect  .     v - +0 pair of gloves
MR     .....     Harm     .     (no boots)
Stlth  ..........               (no amulet)
                                (no ring)
                                o - ring of see invisible

@: corroded
A: permanent stasis, dig shafts and tunnels, four strong arms, antennae 3
a: Dig, Shaft Self


You were on level 5 of the Dungeon.
You were near starving.

You visited 1 branch of the dungeon, and saw 5 of its levels.

You collected 163 gold pieces.

Inventory:

Hand Weapons
 a - a +0 war axe (weapon)
Armour
 b - a +0 scale mail (worn)
 c - a +0 shield (worn)
 v - a +0 pair of gloves (worn)
Jewellery
 o - a ring of see invisible (left hand)
 x - an uncursed ring of fire {unknown}
Wands
 s - a wand of lightning (4/15)
Scrolls
 e - 6 scrolls of identify {unknown}
 g - a scroll of blinking {unknown}
 h - 3 scrolls of enchant weapon {unknown}
 i - a scroll of recharging {unknown}
 j - a scroll of magic mapping {unknown}
 k - 3 scrolls of remove curse {unknown}
 r - 2 scrolls of teleportation {unknown}
 t - 3 scrolls of enchant armour {unknown}
 u - 2 scrolls of noise {unknown}
 y - a scroll of random uselessness {unknown}
 C - a scroll of immolation {unknown}
Potions
 l - 2 potions of ambrosia {unknown}
 m - 2 potions of cure mutation {unknown}
 n - 2 potions of mutation {unknown}
 p - a potion of haste {unknown}
 q - a potion of flight
 w - a potion of degeneration {unknown}
 A - a potion of agility {unknown}
Comestibles
 f - 4 bread rations
 z - 2 slices of pizza
 B - a royal jelly


   Skills:
 - Level 3.7 Fighting
 + Level 7.4 Axes
 - Level 3.7 Armour
 - Level 3.8 Shields


You had 6 spell levels left.
You didn't know any spells.

Dungeon Overview and Level Annotations

Branches:
Dungeon (5/15)
 Temple: D:4-7

Altars:
Ashenzari
Vehumet


Innate Abilities, Weirdness & Mutations

You are under a permanent stasis effect.
You can dig through walls and to a lower floor.
Your four strong arms can wield two-handed weapons with a shield.
You have a pair of large antennae on your head. (SInv)


Message History

You block the jelly's attack.
You hit the jelly but do no damage.
Your hands burn!
* * * LOW HITPOINT WARNING * * *
The jelly is heavily wounded.
You block the jelly's attack.
You hit the jelly but do no damage.
Your hands burn!
* * * LOW HITPOINT WARNING * * *
The jelly is heavily wounded.
The jelly hits you.
* * * LOW HITPOINT WARNING * * *
You are splashed with acid!
The acid burns!
* * * LOW HITPOINT WARNING * * *
You feel better. You block the jelly's attack.
You hit the jelly but do no damage.
Your hands burn!
* * * LOW HITPOINT WARNING * * *
The jelly is heavily wounded.
The jelly hits you.
* * * LOW HITPOINT WARNING * * *
You are splashed with acid!
The acid burns!
You die...

.#
#####.###..##.#
.# #.........#
.# #......####
<# #####.## .#
#.# .# #.# # .#
#.# .?. .#
#.####..### .#
#..@J...... .#
######!(### ##
#


You could see a jelly.

Vanquished Creatures
  Edmund (D:4)
  A howler monkey (D:4)
  A centaur skeleton (D:4)
  2 hounds (D:4)
  An iguana (D:4)
  2 orc wizards
  4 worker ants
  7 adders
  An adder skeleton (D:4)
  A worm (D:2)
  3 dart slugs
  A leopard gecko (D:3)
  10 orcs
  4 giant cockroaches
  4 goblins
  4 hobgoblins
  5 jackals
  4 quokkas
  4 bats
  8 frilled lizards
  2 kobolds
  A leopard gecko skeleton (D:4)
  9 rats
80 creatures vanquished.

Notes
Turn   | Place    | Note
-------+----------+-------------------------------------------
     0 | D:1      | Naow the Formicid Fighter began the quest for the Orb.
     0 | D:1      | Reached XP level 1. HP: 18/18 MP: 1/1
   320 | D:1      | Reached XP level 2. HP: 24/24 MP: 2/2
   781 | D:2      | Found a shattered altar of Ashenzari.
   855 | D:2      | Reached XP level 3. HP: 29/30 MP: 3/3
  1121 | D:2      | You fall through a shaft for 2 floors!
  1134 | D:4      | Reached skill level 3 in Axes
  1134 | D:4      | Reached XP level 4. HP: 12/37 MP: 4/4
  1182 | D:4      | Reached skill level 4 in Axes
  1182 | D:4      | Reached XP level 5. HP: 31/42 MP: 5/5
  2014 | D:3      | Reached skill level 5 in Axes
  2265 | D:3      | Reached XP level 6. HP: 36/48 MP: 6/6
  2664 | D:2      | Found a radiant altar of Vehumet.
  3043 | D:4      | Noticed Edmund
  3054 | D:4      | Reached skill level 6 in Axes
  3057 | D:4      | Killed Edmund
  3057 | D:4      | Reached XP level 7. HP: 27/53 MP: 7/7
  3564 | D:4      | Reached skill level 7 in Axes
  4274 | D:5      | Entered Level 5 of the Dungeon
  4411 | D:5      | Splashed by a jelly's acid

Vault maps used:
D:1:      nicolae_arrival_somewhat_less_tricky_arrival, serial_bayou_ford_a,
          minmay_misc_feat_alley
D:2:      lemuel_crystal_altar, evilmike_ruin_ashenzari
D:4:      first_bread, uniq_edmund

Skill      XL: |  1  2  3  4  5  6  7 |
---------------+----------------------+-----
Axes           | 3 4 5 6 7 |  7.4
Fighting       | |  3.7
Armour         | |  3.7
Shields        | |  3.8

Action                   |  1- 3 |  4- 6 |  7- 9 || total
-------------------------+-------+-------+-------++-------
Melee: War axe           |    65 |   190 |    59 ||   314
  Use: Potion            |     3 |     2 |     1 ||     6
  Eat: Chunk             |     1 |     6 |     3 ||    10
Armor: Scale mail        |    35 |    67 |    14 ||   116
Dodge: Dodged            |    29 |    75 |    14 ||   118
Block: Shield            |    41 |    81 |    28 ||   150
